 Dungeon Crawl Stone Soup version 0.32-a0-953-g508020473e (webtiles) character file.

Game seed: 14069689709409049874

1070 spaghetti the Insei (level 8, -3/67 HPs)
             Began as a Demonspawn Chaos Knight on Apr 17, 2024.
             Was a Plaything of Xom.
             Killed from afar by an electric eel (9 damage)
             ... with a bolt of electricity
             ... on level 6 of the Dungeon.
             The game lasted 00:05:08 (4015 turns).

spaghetti the Insei (Demonspawn Chaos Knight)       Turns: 4015, Time: 00:05:08

Health: -3/67      AC:  8    Str: 11    XL:     8   Next: 7%
Magic:  8/8        EV: 12    Int: 15    God:    Xom [....*.]
Gold:   294        SH:  0    Dex: 18    Spells: 7/7 levels left

rFire   . .          .
                       - Unarmed
rCold   + . .        (no shield)
rNeg    + . .        a - +2 leather armour
rPois   +            (no helmet)
rElec   .            (no cloak)
rCorr   .            (no gloves)
SInv    +            s - +0 pair of boots
Will    ++...        v - amulet of the acrobat
Stlth   +            d - ring of positive energy
HPRegen 0.31/turn    h - ring of protection from cold
MPRegen 0.11/turn

%: acrobat
@: very slow
A: icy blue scales 1, demonic guardian 1, ignite blood 2, demonic touch 1,
talons 1, see invisible, agile 1, clever 1, strong-willed 2, poison resistance,
robust 1, noise suppression
a: Renounce Religion


You were on level 6 of the Dungeon.
You worshipped Xom.
You were a beloved toy of Xom.
You visited 1 branch of the dungeon, and saw 6 of its levels.

You collected 294 gold pieces.

Inventory:

Hand Weapons
 b - the +8 sling of the Shoals {freeze, Dex+4}
   (You found it on level 5 of the Dungeon)

   Dex+4:     It affects your dexterity (+4).
Missiles
 k - 47 stones
 l - 2 javelins
 m - 5 curare-tipped darts
 r - 6 poisoned darts
Armour
 a - a +2 leather armour (worn)
 s - a +0 pair of boots (worn)
Jewellery
 d - a ring of positive energy (left hand)
 h - a ring of protection from cold (right hand)
 p - an amulet of magic regeneration
 t - a ring of positive energy
 v - an amulet of the acrobat (around neck)
 y - an amulet of guardian spirit
Wands
 w - a wand of mindburst (24)
 A - a wand of flame (13)
Scrolls
 c - 2 scrolls of poison {unknown}
 g - 2 scrolls of teleportation
 i - a scroll of vulnerability {unknown}
 j - 3 scrolls of immolation {unknown}
 n - 2 scrolls of revelation {unknown}
 o - a scroll of enchant weapon {unknown}
 u - 3 scrolls of identify {unknown}
 x - a scroll of butterflies
 z - a scroll of fog {unknown}
Potions
 e - a potion of brilliance {unknown}
 q - a potion of might


   Skills:
 + Level 4.5 Fighting
 * Level 4.9 Throwing
 + Level 3.5 Armour
 + Level 3.1 Dodging
 + Level 5.1 Unarmed Combat


You had 7 spell levels left.
You didn't know any spells.
Your spell library contained the following spells:

 Spells                   Type           Power      Damage    Failure   Level
 Lesser Beckoning         Tloc           0%         N/A       45%         2
 Maxwell's Portable Pile  Tloc           0%         2d(5-13)  71%         3
 Teleport Other           Tloc           0%         N/A       71%         3
 Leda's Liquefaction      Alch/Erth      0%         N/A       98%         4
 Petrify                  Alch/Erth      0%         N/A       98%         4
 Metabolic Englaciation   Hex/Ice        0%         N/A       100%        5


Dungeon Overview and Level Annotations

Branches:
Dungeon (6/15)             Temple (0/1) D:4

Altars:
Cheibriados
Dithmenos
Okawaru
Uskayaw
Xom


Innate Abilities, Weirdness & Mutations

You are partially covered in icy blue scales. (AC +2)
A weak demonic guardian rushes to your aid.
Your demonic aura often causes spilled blood to erupt in flames.
Your touch may inflict minor irresistible damage on your foes.
You have sharp toenails.
You have supernaturally acute eyesight. (SInv)
You are agile. (Dex +4, Str/Int -1)
Your mind is acute. (Int +4, Str/Dex -1)
You are highly strong-willed. (Will++)
Your system is resistant to poisons. (rPois)
You are robust. (+10% HP)
You passively dampen the noise of your surroundings.


Message History

The electric eel completely resists.
The bolt of electricity hits you.
* * * LOW HITPOINT WARNING * * *
The bolt of electricity hits your iron imp.
Your iron imp resists.
The bolt of electricity hits the plant!
The plant begins to die.
You feel better.
The electric eel shoots out a bolt of lightning at you!
The bolt of electricity hits the electric eel.
The electric eel completely resists.
The bolt of electricity hits you.
* * * LOW HITPOINT WARNING * * *
The bolt of electricity hits the plant!
As you read the scroll of butterflies, it crumbles to dust.
You hear the flapping of tiny wings.
The electric eel is knocked back by the sudden gust.
Your iron imp is knocked back by the sudden gust.
The electric eel is knocked back by the sudden gust.
Unknown command.
Unknown command.
You hit the electric eel but do no damage.
The electric eel is severely wounded.
Unknown command.
Your unstable footing causes you to fumble your attack.
The electric eel shoots out a bolt of lightning at you!
The bolt of electricity misses your butterfly.
The bolt of electricity hits your iron imp.
Your iron imp resists.
The bolt of electricity hits you!
* * * LOW HITPOINT WARNING * * *
The bolt of electricity hits your butterfly!
Your butterfly dies!
Your butterfly disappears in a burst of colours!
The bolt of electricity misses your butterfly.
The electric eel shoots out a bolt of lightning at you!
The bolt of electricity hits you.
* * * LOW HITPOINT WARNING * * *
The bolt of electricity hits your butterfly!
Your butterfly dies!
Your butterfly disappears in a burst of colours!
The bolt of electricity hits you!
You die...

** ,,,, ~ ~~~ *~ * *
#...PP ~ ~≈♣ ~ **
#).PPP ~ ♣~~~~ ~
#!PbP~ ~ ~P.~ **,,,,
, #.~P~b ♣PS~##.,, ,
,,
*#bbbb♣♣S~.~#...,,,
,,
#PPbb♣b♣P.#....,,,,,
*
#bPPbS5♣P~P.........*
#bbb@bb♣~~P~PP....#
#.##~bPP♣~~~P~...#* *
#..b#..##..####


You could see 2 electric eels and a friendly iron imp (summoned).

Vanquished Creatures
  2 water moccasins
  An ice beast (D:6)
  An ogre (D:5)
  A phantom (D:6)
  2 bullfrogs
  2 scorpions (D:5)
  A ballistomycete (D:4)
  A bombardier beetle (D:4)
  A hound (D:5)
  A gnoll bouda (D:5)
  Jessica (D:2)
  2 iguanas (D:5)
  An orc wizard (D:5)
  7 gnolls
  4 adders
  A dart slug (D:1)
  2 ribbon worms (D:2)
  7 orcs
  5 ball pythons
  4 endoplasms
  A giant cockroach (D:2)
  6 goblins
  3 hobgoblins
  A jackal (shapeshifter) (D:2)
  3 jackals (D:3)
  7 kobolds
  5 quokkas
  2 bats
  4 frilled lizards
  3 rats
82 creatures vanquished.

Vanquished Creatures (collateral kills)
  A dart slug (D:2)
  A ball python (D:3)
  An endoplasm (D:1)
  A bat (D:3)
  A kobold (D:1)
5 creatures vanquished.

Vanquished Creatures (others)
  An orc (D:5)
  3 ballistomycete spores (D:4)
4 creatures vanquished.

Grand Total: 91 creatures vanquished

Notes
Turn   | Place    | Note
-------+----------+-------------------------------------------
     0 | D:1      | spaghetti the Demonspawn Chaos Knight began the quest for
                  | the Orb.
     0 | D:1      | Reached XP level 1. HP: 18/18 MP: 1/1
    63 | D:1      | XOM: silly message
    68 | D:1      | Reached skill level 3 in Unarmed Combat
    70 | D:1      | XOM: potion effect (invisibility)
   105 | D:1      | Gained mutation: A weak demonic guardian rushes to your
                  | aid. [demonic ancestry]
   105 | D:1      | Reached XP level 2. HP: 23/24 MP: 2/2
   346 | D:1      | XOM: divination: detect items
   391 | D:1      | XOM: snakes to sticks
   631 | D:2      | XOM is BORED!
   631 | D:2      | XOM: give mutations
   631 | D:2      | Gained mutation: You are robust. (+10% HP) [Xom's mischief]
   631 | D:2      | Gained mutation: You have supernaturally acute eyesight.
                  | (SInv) [Xom's mischief]
   891 | D:2      | Gained mutation: You are partially covered in icy blue
                  | scales. (AC +2) [demonic ancestry]
   891 | D:2      | Reached XP level 3. HP: 25/31 MP: 3/3
  1015 | D:2      | Noticed Jessica
  1019 | D:2      | XOM: smoke on damage
  1024 | D:2      | Killed Jessica
  1025 | D:2      | Reached skill level 1 in Throwing
  1101 | D:2      | a rat changed into a shapeshifter
  1101 | D:2      | Noticed a shapeshifter (shapeshifter)
  1101 | D:2      | XOM: polymorph rat -> shapeshifter
  1101 | D:2      | a shapeshifter changed into a ball python
  1199 | D:2      | Gained mutation: Your demonic aura sometimes causes spilled
                  | blood to erupt in flames. [demonic ancestry]
  1199 | D:2      | Reached XP level 4. HP: 35/38 MP: 4/4
  1221 | D:2      | Reached skill level 4 in Unarmed Combat
  1244 | D:2      | XOM: scenery: create altars
  1505 | D:3      | Found a faded altar of an unknown god.
  1566 | D:3      | XOM: summons friendly shadow imp
  1575 | D:3      | Reached skill level 1 in Dodging
  1667 | D:3      | XOM: give mutations
  1667 | D:3      | Gained mutation: You have sharp toenails. [Xom's grace]
  1667 | D:3      | Gained mutation: Your spells are a little harder to cast,
                  | but a little more powerful. [Xom's grace]
  1667 | D:3      | Gained mutation: Your mind is acute. (Int +4, Str/Dex -1)
                  | [Xom's grace]
  1919 | D:3      | XOM: god gift: javelin
  2004 | D:4      | XOM: polymorph sleepcap -> ballistomycete
  2014 | D:4      | Gained mutation: Your touch may inflict minor irresistible
                  | damage on your foes. [demonic ancestry]
  2014 | D:4      | Reached XP level 5. HP: 20/45 MP: 5/5
  2028 | D:4      | XOM: give mutations
  2028 | D:4      | Gained mutation: You passively dampen the noise of your
                  | surroundings. [Xom's grace]
  2028 | D:4      | Gained mutation: You are agile. (Dex +4, Str/Int -1) [Xom's
                  | grace]
  2028 | D:4      | Gained mutation: You are strong-willed. (Will+) [Xom's
                  | grace]
  2185 | D:4      | XOM: 2-stop teleportation journey
  2203 | D:4      | Identified the +2 robe of Ciproil {Archmagi}
  2265 | D:4      | XOM: 2-stop teleportation journey
  2568 | D:4      | XOM: give mutation
  2568 | D:4      | Lost mutation: Your spells are a little harder to cast, but
                  | a little more powerful. [Xom's mischief]
  2707 | D:4      | Found a staircase to the Ecumenical Temple.
  2805 | D:4      | XOM: scenery: create altars
  2950 | D:5      | Entered Level 5 of the Dungeon
  2962 | D:5      | Gained mutation: Your demonic aura often causes spilled
                  | blood to erupt in flames. [demonic ancestry]
  2962 | D:5      | Reached XP level 6. HP: 51/51 MP: 6/6
  2963 | D:5      | XOM: cast spell 'Chain of Chaos'
  2970 | D:5      | XOM: give mutations
  2970 | D:5      | Gained mutation: Your system is resistant to poisons.
                  | (rPois) [Xom's grace]
  2970 | D:5      | Gained mutation: You are highly strong-willed. (Will++)
                  | [Xom's grace]
  3030 | D:5      | XOM: 3-stop teleportation journey
  3045 | D:5      | XOM: destruction
  3068 | D:5      | XOM: potion effect (brilliance)
  3107 | D:5      | Noticed a water moccasin
  3111 | D:5      | Killed a water moccasin
  3112 | D:5      | Reached XP level 7. HP: 58/58 MP: 7/7
  3115 | D:5      | Identified the +8 sling of the Shoals {freeze, Dex+4}
  3368 | D:5      | XOM: scenery: 2 doors open
  3471 | D:5      | XOM: 9-stop teleportation journey
  3519 | D:5      | Found a shadowy altar of Dithmenos.
  3528 | D:5      | Found a snail-covered altar of Cheibriados.
  3557 | D:5      | Found a hide-covered altar of Uskayaw.
  3564 | D:5      | Found an iron altar of Okawaru.
  3874 | D:6      | XOM: divination: magic mapping
  3877 | D:6      | Reached skill level 5 in Unarmed Combat
  3886 | D:6      | Reached XP level 8. HP: 43/67 MP: 8/8
  4015 | D:6      | Killed from afar by an electric eel

Illustrated notes

Levels and vault maps discovered:
D:1:      minmay_arrival_hallway, layout_basic
D:2:      minmay_door_path, layout_basic, basic_altar, uniq_jessica
D:3:      layout_rooms, hellmonk_ecumenical_altar_arch_garden
D:4:      layout_loops_ring, minmay_temple_entry_fiery, nicolae_grassy_gnolls
D:5:      layout_basic, nicolae_overflow_hallway_of_the_gods
D:6:      layout_cave_pods, lemuel_tele_altar, serial_bayou,
          serial_bayou_shore_a, serial_bayou_shore_b, serial_bayou_lagoon_a,
          serial_bayou_pond_d

Skill      XL: |  1  2  3  4  5  6  7 |
---------------+----------------------+-----
Unarmed Combat | 3 4 5 |  5.1
Throwing       | 1 2 3 4 |  4.9
Dodging        | 1 2 3 |  3.1
Armour         | 2 3 |  3.5
Fighting       | 4 |  4.5

Action                     |  1- 3 |  4- 6 |  7- 9 || total
---------------------------+-------+-------+-------++-------
  Melee: Unarmed           |   111 |   123 |    53 ||   287
         Punch             |     3 |     3 |     2 ||     8
         Kick              |       |     1 |       ||     1
         Touch             |       |    10 |    12 ||    22
   Fire: Sling             |       |       |    15 ||    15
  Throw: Javelin           |     1 |       |       ||     1
    Use: Potion            |       |     4 |     1 ||     5
         Scroll            |       |     1 |     1 ||     2
   Stab: Distracted        |     1 |       |       ||     1
         Invisible         |       |     4 |       ||     4
 Armour: Leather armour    |    66 |    71 |    44 ||   181
  Dodge: Dodged            |    55 |    67 |    22 ||   144

Table legend: (Time is in decaauts)
 A = Elapsed time spent in this place.
 B = Non-inter-level travel time spent in this place.
 C = Inter-level travel time spent in this place.
 D = Time resting spent in this place.
 E = Time spent auto-exploring this place.
 F = Levels seen in this place.
 G = Mean time per level.
                   A        B        C        D        E       F      G
               +--------+--------+--------+--------+--------+-----+--------+
         Total |   4006 |   3810 |    196 |     79 |   3057 |   6 |  667.7 |
       Dungeon |   4006 |   3810 |    196 |     79 |   3057 |   6 |  667.7 |
               +--------+--------+--------+--------+--------+-----+--------+

Top non-repeatable levels by time:
     D:4: 974 daAuts
     D:5: 800 daAuts
     D:2: 755 daAuts
     D:1: 710 daAuts
     D:3: 494 daAuts
     D:6: 270 daAuts
